 Dungeon Crawl Stone Soup version 0.31-a0-188-g5e087ee2ca (webtiles) character file.

Game seed: 3642427383647456871

58 qw the Shooter (level 3, 0/20 HPs)
             Began as a Deep Elf Hunter on June 23, 2023.
             Succumbed to their own poison gas
             ... on level 2 of the Dungeon.
             The game lasted 00:00:24 (1370 turns).

qw the Shooter (Deep Elf Hunter)                    Turns: 1370, Time: 00:00:25

Health: 0/20       AC:  5    Str: 14    XL:     3   Next: 75%
Magic:  5/5        EV: 11    Int: 12    God:
Gold:   56         SH:  0    Dex: 17    Spells: 2/2 levels left

rFire   . . .        h - +0 shortbow (heavy)
rCold   . . .        (shield currently unavailable)
rNeg    . . .        i - +0 ring mail
rPois   .            (no helmet)
rElec   .            (no cloak)
rCorr   .            (no gloves)
SInv    .            (no boots)
Will    .....        (no amulet)
Stlth   +            (no ring)
HPRegen 0.23/turn    (no ring)
MPRegen 0.09/turn

%: clarity
@: lethally poisoned (0 -> -10), weak-willed
A: clarity, high MP 1, strong 1, devolution 1
a: no special abilities


You were on level 2 of the Dungeon.
You visited 1 branch of the dungeon, and saw 2 of its levels.

You collected 56 gold pieces.


Innate Abilities, Weirdness & Mutations

You possess an exceptional clarity of mind.
You have an increased reservoir of magic. (+10% MP)
Your muscles are strong. (Str +4, Int/Dex -1)
You have hidden genetic defects.


   Skills:
 - Level 1.5 Fighting
 + Level 7.2 Ranged Weapons
 - Level 2.4 Dodging
 - Level 1.2 Stealth


You had 2 spell levels left.
You didn't know any spells.
Your spell library was empty.

Inventory:

Hand Weapons
 h - a +0 heavy shortbow (weapon)
Armour
 i - a +0 ring mail (worn)
Scrolls
 g - a scroll of identify
Potions
 a - a potion of mutation
 c - a potion of might
 d - a potion of curing {unknown}

Dungeon Overview and Level Annotations

Branches:
Dungeon (2/15)

Altars:


Message History

1364 ||| READING scroll labelled LEITHR WIEP.
As you read the scroll labelled LEITHR WIEP, it dissolves into smoke.
It was a scroll of fog.
Done exploring.
1365 ||| DRINKING 2 glowing golden potions.
It was a potion of mutation.
You feel extremely strange.
You feel more energetic.
You feel stronger.
You feel a hidden malignance growing inside you.
Your thoughts seem clearer.
Done exploring.
1366 ||| READING 2 scrolls of identify.
As you read the scroll of identify, it crumbles to dust.
c - a potion of might;
1366 ||| IDENTIFYING lumpy black potion Done exploring.
(D) Dungeon
Where to? (* - list waypoints, Enter - D:2, ? - help)
What level of the Dungeon? (default 1, ? - help) Sorry, I don't know how to get there.
Enter note:
Enter note:
Enter note:
Enter note:
Enter note:
Enter note:
Enter note:
Enter note:
Enter note:
Enter note:
Enter note:
Enter note: Really walk into that cloud of poison gas?
You are engulfed in poison gas.
You are lethally poisoned!
You feel very sick.
1368 ||| Stepping ~*~*~tactically~*~*~ (cloud).
You feel very sick.
There is a lethal amount of poison in your body!
You feel very sick.
There is a lethal amount of poison in your body!
You die...

...#.#...##............##...#
........#................#..#
.#.##.......................#
.#.##....##.#.###.###.#.#...#
.#.####'###.#.# #.#<..#.#.###
.#.###..# #.#.# #.#####.#.#
.#.....## #.#.# #.......#.#
....#### #.#¤###########.#
.#.## #.#¤¤0@¤0¤¤0¤...# .#.#
#.############### .#.# #.#
.#.# #.# .#.# #.#############
.#.# #.........(...# .#.#
#############.# .#.# #.# ##.#
#.#


There were no monsters in sight!

Vanquished Creatures
  3 adders (D:2)
  A worm (D:2)
  3 endoplasms
  A giant cockroach (D:1)
  8 goblins
  2 hobgoblins (D:1)
  A ball python (D:1)
  2 bats (D:2)
  A frilled lizard (D:1)
  3 kobolds
  3 rats
28 creatures vanquished.

Notes
Turn   | Place    | Note
-------+----------+-------------------------------------------
     0 | D:1      | qw the Deep Elf Hunter began the quest for the Orb.
     0 | D:1      | Reached XP level 1. HP: 12/12 MP: 3/3
     0 | D:1      | 0 ||| qw: Version: 0.3-a-9-g12657ce
     0 | D:1      | 0 ||| qw: Game counter: 4193
     0 | D:1      | 0 ||| qw: Always use a shield: true
     0 | D:1      | 0 ||| qw: God list: Okawaru
     0 | D:1      | 0 ||| qw: Allow faded altars: false
     0 | D:1      | 0 ||| qw: Do Orc after D:15 true
     0 | D:1      | 0 ||| qw: Do second Lair branch before Depths: true
     0 | D:1      | 0 ||| qw: Lair rune preference: random
     0 | D:1      | 0 ||| qw: Plans: Normal
     0 | D:1      | 0 ||| PLANNING D:1-11
   109 | D:1      | Reached XP level 2. HP: 16/16 MP: 4/4
   181 | D:1      | Reached skill level 6 in Ranged Weapons
   692 | D:1      | 692 ||| UPGRADING to +0 ring mail.
   702 | D:1      | 702 ||| DROPPING +0 leather armour.
   703 | D:1      | 703 ||| READING 3 scrolls labelled ZIOVEI FAXT.
   704 | D:1      | 704 ||| READING scroll labelled VAOCVACEALA.
   705 | D:1      | 705 ||| READING 2 scrolls labelled MOGILUZ ZIATE.
   706 | D:1      | 706 ||| READING scroll labelled XUTYFRICVI.
   707 | D:1      | 707 ||| DROPPING 2 scrolls of blinking.
   708 | D:1      | 708 ||| DROPPING scroll of butterflies.
   835 | D:2      | Reached XP level 3. HP: 13/20 MP: 5/5
  1119 | D:2      | Reached skill level 7 in Ranged Weapons
  1361 | D:2      | 1361 ||| READING scroll labelled JANNURH ULAU.
  1362 | D:2      | 1362 ||| READING scroll labelled CIKEVE QAERCHA.
  1363 | D:2      | 1363 ||| READING scroll labelled QOV CUDYRGHIOR.
  1364 | D:2      | 1364 ||| READING scroll labelled LEITHR WIEP.
  1365 | D:2      | 1365 ||| DRINKING 2 glowing golden potions.
  1365 | D:2      | Gained mutation: You have an increased reservoir of magic.
                  | (+10% MP) [potion of mutation]
  1365 | D:2      | Gained mutation: Your muscles are strong. (Str +4, Int/Dex
                  | -1) [potion of mutation]
  1365 | D:2      | Gained mutation: You have hidden genetic defects. [potion
                  | of mutation]
  1365 | D:2      | Gained mutation: You possess an exceptional clarity of
                  | mind. [potion of mutation]
  1366 | D:2      | 1366 ||| READING 2 scrolls of identify.
  1366 | D:2      | 1366 ||| IDENTIFYING lumpy black potion
  1368 | D:2      | 1368 ||| Stepping ~*~*~tactically~*~*~ (cloud).
  1369 | D:2      | HP: 2/20 [poisoned by you (poison gas)]
  1370 | D:2      | Succumbed to their own poison gas

Levels and vault maps discovered:
D:1:      dpeg_arrival_tiny_c, layout_basic, serial_rivers,
          chequers_serial_rivers_micro_c, chequers_serial_rivers_micro_b,
          chequers_serial_rivers_small_a, chequers_serial_rivers_room_b,
          chequers_serial_rivers_micro_c, chequers_serial_rivers_micro_c
D:2:      layout_basic, minmay_misc_feat_secret_circle

Skill      XL: |  1  2  3 |
---------------+----------+-----
Ranged Weapons | 6 7 |  7.2
Fighting       | |  1.5
Dodging        | |  2.4
Stealth        | |  1.2

Action                     || total
---------------------------++-------
   Fire: Shortbow          ||    71
    Use: Scroll            ||     9
         Potion            ||     1
 Armour: Ring mail         ||     5
         Leather armour    ||     4
  Dodge: Dodged            ||    15

Table legend:
 A = Non-vault XP
 B = Vault XP
 C = Vault XP percentage of total XP
 D = Non-vault monster count
 E = Vault monster count
 F = Vault count percentage of total count
                 A         B        C        D         E       F
            +---------+---------+-------+---------+---------+-------
      Total |      83 |       0 |   0.0 |      28 |       0 |   0.0
            +---------+---------+-------+---------+---------+-------
        D:1 |      19 |       0 |   0.0 |      12 |       0 |   0.0
        D:2 |      64 |       0 |   0.0 |      16 |       0 |   0.0
            +---------+---------+-------+---------+---------+-------
